 Seeded DCSS version 0.29.1-15-g9cfb28693d (webtiles) character file.

Game seed: 8077741302973459691 (custom seed)

65 tkbsonic5 the Sneak (level 4, -3/35 HPs)
             Began as a Formicid Brigand on Apr 1, 2023.
             Slain by an orc priest
             ... wielding a +0 flail
              (5 damage)
             ... on level 3 of the Dungeon.
             The game lasted 00:07:26 (1679 turns).

tkbsonic5 the Sneak (Formicid Brigand)              Turns: 1679, Time: 00:07:26

Health: -3/35      AC:  5    Str: 12 (15) XL:     4   Next: 35%
Magic:  4/4        EV: 11    Int:  9 (11) God:
Gold:   102        SH:  0    Dex: 15 (17) Spells: 3/3 levels left

rFire   + . .      SeeInvis +   a - +2 dagger
rCold   + . .      Faith    .   (no shield)
rNeg    . . .      Spirit   .   f - +1 leather armour {rC+}
rPois   .          Reflect  .   (helmet unavailable)
rElec   .          Harm     .   c - +0 cloak
rCorr   +          Rampage  .   (no gloves)
Will    .....                   (no boots)
Stlth   ++........              k - amulet of regeneration
HPRegen 0.91/turn               e - ring of protection from fire
MPRegen 0.09/turn               d - ring of resist corrosion

@: silenced
A: permanent stasis, dig shafts and tunnels, antennae 3, four strong arms
a: Dig, Shaft Self


You were on level 3 of the Dungeon.
You visited 1 branch of the dungeon, and saw 3 of its levels.

You collected 102 gold pieces.

Inventory:

Hand Weapons
 a - a +2 dagger (weapon)
 g - a +0 short sword
Armour
 b - a +0 robe
 c - a +0 cloak (worn)
 f - a +1 leather armour of cold resistance (worn)
Jewellery
 d - a ring of resist corrosion (right hand)
 e - a ring of protection from fire (left hand)
 h - an amulet of magic regeneration
 k - an amulet of regeneration (around neck)
Scrolls
 o - a scroll of butterflies {unknown}
Potions
 p - a potion of attraction


   Skills:
 * Level 3.0 Fighting
 - Level 2.0 Short Blades
 * Level 2.6 Throwing
 * Level 1.2 Armour
 + Level 1.4 Dodging
 * Level 5.4 Stealth


You had 3 spell levels left.
You didn't know any spells.
Your spell library was empty.

Dungeon Overview and Level Annotations

Branches:
Dungeon (3/15)

Altars:


Innate Abilities, Weirdness & Mutations

You cannot be hasted, slowed, berserked, paralysed or teleported.
You can dig through walls and to a lower floor.
You have a pair of large antennae on your head. (SInv)
Your four strong arms can wield two-handed weapons with a shield.


Message History

The orc priest closely misses you.
You hit the orc priest but do no damage.
The orc priest is heavily wounded.
The orc priest closely misses you.
You barely miss the orc priest.
The orc priest is heavily wounded.
The orc priest barely misses you.
You hit the orc priest.
The orc priest is severely wounded.
The orc priest hits you but does no damage.
You hit the orc priest.
The orc priest is severely wounded.
The orc priest calls down the wrath of Beogh upon you.
Pain shoots through your body!
It was a potion of degeneration.
There was something very wrong with that liquid.
You feel weakened.
You feel dopey.
You feel clumsy. The orc priest closely misses you.
You hit the orc priest.
The orc priest is almost dead.
The orc priest hits you with a +0 flail.
You closely miss the orc priest.
The orc priest is almost dead.
You completely miss the orc priest.
The orc priest is almost dead.
The orc priest hits you with a +0 flail.
You barely miss the orc priest.
The orc priest is almost dead.
The orc priest hits you with a +0 flail!
* * * LOW HITPOINT WARNING * * *
This is a scroll of acquirement!
Something appears at your feet!
The orc priest hits you with a +0 flail.
* * * LOW HITPOINT WARNING * * *
Okay, then.
Okay, then.
As you read the scroll labelled PUQOYZ ZAUSUC, it crumbles to dust.
A profound silence engulfs you.
It was a scroll of silence.
The orc priest hits you with a +0 flail.
You die...

### ..# #.#
#.# #.# #.#
#@# #o# #(#
#(# # #.#.#
#<..#
........>.#
#####.#..##
..ยง#(.#


You could see an orc priest.

Vanquished Creatures
  An adder (D:2)
  A worm (D:2)
  2 orcs (D:3)
  8 endoplasms
  4 goblins
  4 hobgoblins
  8 jackals (D:1)
  6 kobolds
  4 ball pythons (D:1)
  4 bats
  2 frilled lizards (D:2)
44 creatures vanquished.

Notes
Turn   | Place    | Note
-------+----------+-------------------------------------------
     0 | D:1      | tkbsonic5 the Formicid Brigand began the quest for the Orb.
     0 | D:1      | Reached XP level 1. HP: 16/16 MP: 1/1
   262 | D:1      | Reached skill level 1 in Dodging
   268 | D:1      | Reached skill level 5 in Stealth
   268 | D:1      | Reached XP level 2. HP: 23/23 MP: 2/2
   502 | D:1      | Reached XP level 3. HP: 28/28 MP: 3/3
   769 | D:1      | Reached skill level 1 in Armour
  1067 | D:2      | Reached XP level 4. HP: 34/34 MP: 4/4
  1678 | D:3      | Identified a scroll of acquirement
  1678 | D:3      | Acquired the +2 pair of gloves "Nialyot" {rC+ Str+4}
  1678 | D:3      | HP: 1/35 [orc priest/+0 flail (6)]
  1679 | D:3      | Slain by an orc priest

Illustrated notes

Levels and vault maps discovered:
D:1:      tarquinn_simple_flora_water_e, layout_basic
D:2:      layout_basic
D:3:      layout_basic, nicolae_overflow_hidden_temple, serial_undead,
          serial_undead_e, serial_undead_e, serial_undead_c, serial_undead_e,
          chequers_serial_rivers_marsh, uniq_terence

Skill      XL: |  1  2  3  4 |
---------------+-------------+-----
Dodging        | 1 |  1.4
Stealth        | 5 |  5.4
Armour         | 1 |  1.2
Fighting       | 3 |  3.0
Short Blades   | |  2.0
Throwing       | |  2.6

Action                   |  1- 3 |  4- 6 || total
-------------------------+-------+-------++-------
Melee: Dagger            |    50 |    47 ||    97
       Punch             |     1 |       ||     1
Throw: Dart              |    54 |    26 ||    80
  Use: Scroll            |     2 |     3 ||     5
       Potion            |       |     5 ||     5
 Stab: Sleeping          |     2 |       ||     2
Armor: Leather armour    |    21 |     7 ||    28
Dodge: Dodged            |    28 |    22 ||    50
